 Dungeon Crawl Stone Soup version 0.22-a0-880-gb7b0c8b (webtiles) character file.

452256 Amnesiac the Scorcher (level 22, -9/153 HPs)
             Began as a Mummy Fire Elementalist on July 30, 2018.
             Was the Champion of Vehumet.
             Mangled by a lorocyproca (33 damage)
             ... on level 3 of the Depths.
             The game lasted 02:09:18 (58538 turns).

Amnesiac the Scorcher (Mummy Fire Elementalist)    Turns: 58538, Time: 02:09:19

Health: -9/153     AC: 16    Str: 12    XL:     22   Next: 92%
Magic:  0/55       EV: 16    Int: 35    God:    Vehumet [******]
Gold:   4251       SH:  8    Dex: 12    Spells: 12/61 levels left

rFire    . . .     SeeInvis .   b - staff of energy
rCold    . . .     Gourm    .   F - +3 buckler {AC+3}
rNeg     + + +     Faith    .   Q - +2 robe {Archmagi}
rPois    ∞         Spirit   +   B - +2 helmet
rElec    .         Reflect  .   M - scarf {Spirit}
rCorr    .         Harm     +   y - +2 pair of gloves
MR       ++...                  t - +2 pair of boots
Stlth    ++........             q - amulet of harm
HPRegen  0.35/turn              S - ring of the Lion {Wiz rN+ Int+9 Dex-2}
MPRegen  0.34/turn              P - ring of the Salamander {Fire MP+9 Int+4}

@: deflect missiles
A: no food or potions, fire vulnerability, cold resistance 1, negative energy
resistance 3, torment resistance, unbreathing, in touch with death 1
}: 3/15 runes: decaying, serpentine, slimy
a: Renounce Religion


You were on level 3 of the Depths.
You worshipped Vehumet.
Vehumet was exalted by your worship.
You were not hungry.

You visited 9 branches of the dungeon, and saw 43 of its levels.
You visited the Abyss 1 time.
You also visited: Sewer.

You collected 5327 gold pieces.
You spent 1076 gold pieces at shops.

Inventory:

Hand Weapons
 x - a +7 quick blade of distortion
Armour
 t - a +2 pair of boots (worn)
 y - a +2 pair of gloves (worn)
 z - a +3 buckler of cold resistance
 B - a +2 helmet (worn)
 F - a +3 buckler of protection (worn)
 M - a scarf of spirit shield (worn)
 Q - a +2 robe of the Archmagi (worn)
Magical Staves
 a - an uncursed staff of fire
 b - an uncursed staff of energy (weapon)
 k - an uncursed staff of summoning
 w - an uncursed staff of conjuration
Jewellery
 h - an uncursed ring of resist corrosion
 o - an uncursed ring of flight
 q - an amulet of harm (around neck)
 G - an uncursed ring of ice
 N - an uncursed ring of see invisible
 P - the ring of the Salamander (right hand) {Fire MP+9 Int+4}
   (You found it on level 15 of the Dungeon)

   [ring of fire]

   It enhances your fire magic.
   It affects your intelligence (+4).
   It protects you from fire.
   It makes you vulnerable to cold.
   It affects your magic capacity (+9).
 S - the ring of the Lion (left hand) {Wiz rN+ Int+9 Dex-2}
   (You found it on level 5 of the Pits of Slime)

   [ring of wizardry]

   It improves your spell success rate.
   It affects your intelligence (+9).
   It affects your dexterity (-2).
   It protects you from negative energy.
Wands
 l - a wand of disintegration (11)
 n - a wand of iceblast (12)
 u - a wand of paralysis (48)
 C - a wand of random effects (21)
 E - a wand of scattershot (13)
 H - a wand of acid (7)
 I - a wand of polymorph (18)
 J - a wand of enslavement (51)
 O - a wand of flame (34)
Scrolls
 c - 11 scrolls of identify {!r}
 d - 15 scrolls of remove curse {!r}
 e - 5 scrolls of amnesia {!r}
 f - 5 scrolls of fog {!r}
 g - 15 scrolls of teleportation {!r}
 m - 5 scrolls of magic mapping {!r}
 s - 4 scrolls of blinking {!r}
 v - a scroll of torment {!r}
 A - 4 scrolls of fear {!r}
Potions
 i - 7 potions of lignification {!q}
Miscellaneous
 r - a phial of floods (inert)
 D - 4 sacks of spiders
 K - a lamp of fire


   Skills:
 + Level 8.0 Fighting
 - Level 8.0 Dodging
 - Level 4.0 Stealth
 - Level 4.0 Shields
 + Level 20.0 Spellcasting
 * Level 20.0 Conjurations
 * Level 20.0 Fire Magic
 - Level 8.0 Evocations


You had 12 spell levels left.
You knew the following spells:

 Your Spells              Type           Power        Failure   Level  Hunger
a - Bolt of Fire          Conj/Fire      #########.   1%          6    N/A
b - Passwall              Tmut/Erth      ######..     1%          2    N/A
d - Orb of Destruction    Conj           ########..   1%          7    N/A
e - Fire Storm            Conj/Fire      #########.   3%          9    N/A
f - Summon Lightning Spi  Summ/Air       ######..     3%          4    N/A
h - Fireball              Conj/Fire      #########.   0%          5    N/A
s - Conjure Flame         Conj/Fire      ########     0%          3    N/A
v - Blink                 Tloc           N/A          1%          2    N/A
w - Irradiate             Conj/Tmut      ########..   1%          5    N/A
z - Deflect Missiles      Chrm/Air       ######....   45%         6    N/A

Your spell library contained the following spells:

 Spells                   Type           Power        Failure   Level  Hunger
 Cause Fear               Hex            ######....   3%          4    N/A
 Magic Dart               Conj           ####         0%          1    N/A
 Bolt of Magma            Conj/Fire/Erth ########..   1%          5    N/A
 Slow                     Hex            ######..     1%          2    N/A
 Invisibility             Hex            ######..     45%         6    N/A
 Throw Flame              Conj/Fire      ######       0%          2    N/A
 Throw Frost              Conj/Ice       ######       0%          2    N/A
 Controlled Blink         Tloc           N/A          100%        8    N/A
 Freezing Cloud           Conj/Ice/Air   #######...   1%          6    N/A
 Mephitic Cloud           Conj/Pois/Air  #######.     1%          3    N/A
 Ring of Flames           Chrm/Fire      ########..   4%          7    N/A
 Venom Bolt               Conj/Pois      ########..   1%          5    N/A
 Summon Small Mammal      Summ           ####         1%          1    N/A
 Iskenderun's Mystic Bla  Conj           ########     0%          4    N/A
 Freeze                   Ice            ####         1%          1    N/A
 Sticky Flame             Conj/Fire      ########     0%          4    N/A
 Summon Ice Beast         Ice/Summ       ######..     3%          4    N/A
 Ozocubu's Armour         Chrm/Ice       ######..     1%          3    N/A
 Call Imp                 Summ           ######..     1%          2    N/A
 Regeneration             Chrm/Necr      ######....   1%          3    N/A
 Summon Demon             Summ           ######....   10%         5    N/A
 Iron Shot                Conj/Erth      ########..   1%          6    N/A
 Stone Arrow              Conj/Erth      ######       1%          3    N/A
 Swiftness                Chrm/Air       ######..     1%          2    N/A
 Recall                   Summ/Tloc      N/A          1%          3    N/A
 Spider Form              Tmut/Pois      ######....   1%          3    N/A
 Statue Form              Tmut/Erth      ######...    45%         6    N/A
 Dragon Form              Tmut           ######....   95%         7    N/A
 Throw Icicle             Conj/Ice       ########     1%          4    N/A
 Airstrike                Air            ######....   1%          4    N/A
 Shadow Creatures         Summ           N/A          45%         6    N/A
 Flame Tongue             Conj/Fire      #####        0%          1    N/A
 Ignite Poison            Fire/Tmut/Pois ########     1%          3    N/A
 Call Canine Familiar     Summ           ######..     1%          3    N/A
 Summon Butterflies       Summ           ######..     1%          1    N/A
 Silence                  Hex/Air        ######....   10%         5    N/A
 Shatter                  Erth           ######....   100%        9    N/A
 Dispersal                Tloc           ######....   45%         6    N/A
 Corona                   Hex            ######.      1%          1    N/A
 Alistair's Intoxication  Tmut/Pois      ######..     10%         5    N/A
 Lee's Rapid Deconstruct  Erth           ######....   3%          5    N/A
 Sandblast                Erth           ######       1%          1    N/A
 Portal Projectile        Hex/Tloc       ######       1%          3    N/A
 Petrify                  Tmut/Erth      ######..     3%          4    N/A
 Passage of Golubria      Tloc           N/A          3%          4    N/A
 Malign Gateway           Summ/Tloc      ######....   95%         7    N/A
 Leda's Liquefaction      Hex/Erth       ######....   3%          4    N/A
 Darkness                 Hex            ######....   45%         6    N/A
 Shroud of Golubria       Chrm/Tloc      ######....   1%          2    N/A
 Inner Flame              Hex/Fire       ########     1%          3    N/A
 Aura of Abjuration       Summ           ######....   10%         5    N/A
 Disjunction              Tloc           ######....   100%        8    N/A
 Iskenderun's Battlesphe  Conj/Chrm      ########     1%          5    N/A
 Fulminant Prism          Conj/Hex       ########..   1%          4    N/A
 Dazzling Spray           Conj/Hex       ######       1%          3    N/A
 Force Lance              Conj/Tloc      ########     1%          4    N/A
 Infusion                 Chrm           ####         1%          1    N/A
 Song of Slaying          Chrm           ######..     1%          2    N/A
 Spectral Weapon          Hex/Chrm       ######..     1%          3    N/A
 Searing Ray              Conj           ######       0%          2    N/A
 Discord                  Hex            ######....   100%        8    N/A
 Summon Forest            Summ/Tloc      ######....   10%         5    N/A
 Summon Guardian Golem    Hex/Summ       ######..     1%          3    N/A
 Spellforged Servitor     Conj/Summ      ########..   1%          7    N/A
 Summon Mana Viper        Hex/Summ       ######..     10%         5    N/A
 Hydra Form               Tmut           ######....   45%         6    N/A
 Gell's Gravitas          Tloc           ######....   1%          3    N/A
 Yara's Violent Unravell  Hex/Tmut       ######....   3%          5    N/A
 Lesser Beckoning         Tloc           ######....   1%          3    N/A
 Poisonous Vapours        Pois/Air       ######       1%          2    N/A
 Ignition                 Fire           #########.   1%          8    N/A

Dungeon Overview and Level Annotations

Branches:
Dungeon (15/15)            Temple (1/1) D:4            Lair (6/6) D:8
  Swamp (4/4) Lair:2        Snake (4/4) Lair:4        Slime (5/5) Lair:5
    Orc (2/2) D:11            Elf (3/3) Orc:2        Vaults (0/5) D:13
 Depths (3/5) D:15

Altars:
Ashenzari
Cheibriados
Dithmenos
Elyvilon
Fedhas
Gozag
Hepliaklqana
Kikubaaqudgha
Makhleb
Nemelex Xobeh
Okawaru
Qazlal
Ru
Sif Muna
Trog
Uskayaw
Vehumet
Wu Jian
Xom
Yredelemnul
Zin
The Shining One
Beogh
Jiyva

Shops:
D:5 *   D:6 (}   D:7 %   D:10 =   D:12 ?%(   D:13 ??   D:15 !   Orc:2 *[![
Elf:1 (   Depths:2 =}=

Portals:
Hell: Depths:1 Depths:2 Depths:3
Pandemonium: Depths:1


Innate Abilities, Weirdness & Mutations

You do not eat or drink.
Your flesh is vulnerable to fire.
You are immune to poison.
Your flesh is cold resistant. (rC+)
You are immune to negative energy. (rN+++)
You are immune to unholy pain and torment.
You can survive without breathing.
You are in touch with the powers of death.


Message History

You continue putting on your +3 buckler of protection.
Something hits you but does no damage.
You continue putting on your +3 buckler of protection.
Something hits you!
You feel your power leaking away.
You continue putting on your +3 buckler of protection.
Something hits you!
You feel your power leaking away.
You finish putting on your +3 buckler of protection.
You feel protected.
Unknown command.
You miss something. You block something's attack.
Casting: Bolt of Fire (safe; 1% risk of failure)
Confirm with . or Enter, or press ? or * to list all spells.
Aiming: Bolt of Fire (safe; 1% risk of failure)
Press: ? - help, Shift-Dir - straight line You feel a huge surge of power!
You block something's attack.
Unknown command.
Evoke which item? (* to show all) (? for menu, Esc to quit)
Okay, then.
Put on which piece of jewellery? (? for menu, Esc to quit)
Okay, then.
Evoke which item? (* to show all) (? for menu, Esc to quit)
Aim the phial where?
Press: ? - help, Shift-Dir - straight line The torrent of water hits something.
The wave splashes down.
Splash!
You fall into the shallow water.
Moving in this stuff is going to be slow.
The water rises up and takes form.
You hear a shout!
Something hits your water elemental! Something hits your water elemental!
b - an uncursed staff of energy (weapon)
Nothing appears to happen.
Something hits your water elemental!
Nothing appears to happen.
Something hits your water elemental!
Nothing appears to happen.
Something closely misses your water elemental.
Nothing appears to happen.
Something hits your water elemental!!
Your water elemental is destroyed!
Nothing appears to happen.
You channel some magical energy.
Something hits you.
You feel your power leaking away.
You channel some magical energy.
Something hits you!!
You feel your power leaking away.
Things that are here:
a +0 troll leather armour; a flail Really read
A - 8 scrolls of fear {!r}?
As you read the scroll of fear {!r}, it crumbles to dust.
You assume a fearsome visage.
Nothing appears to happen.
Something hits you!
* * * LOW HITPOINT WARNING * * *
You feel your power leaking away.
Really read
A - 7 scrolls of fear {!r}?
As you read the scroll of fear {!r}, it crumbles to dust.
You assume a fearsome visage.
Nothing appears to happen.
Something hits you.
* * * LOW HITPOINT WARNING * * *
Really read
A - 6 scrolls of fear {!r}?
As you read the scroll of fear {!r}, it crumbles to dust.
You assume a fearsome visage.
Nothing appears to happen.
Something hits you!!
* * * LOW HITPOINT WARNING * * *
Really read
A - 5 scrolls of fear {!r}?
As you read the scroll of fear {!r}, it crumbles to dust.
You assume a fearsome visage.
Nothing appears to happen.
Something hits you!!
You die...

..#.. ##.[.........#
.'.≈. #≈.....[...#.#
#... ##[.)[.......#
###...######[##...#####
.........≈#[..#.<.#
∩......)#[[...#...#
........≈[#)..#...#
###...##[##.).##### #..
#†.{@)).....# #.
#)..)))....[# #
#..)))..[...#
#'#'#...#####
....)#...# ...#...#...#
.........#.$.#
.#####...#.#.#
........'


There were no monsters in sight!

Vanquished Creatures
  the Royal Jelly (Slime:5)
  Dissolution (Slime:4)
  Bai Suzhen (Swamp:3)
  A golden dragon (Depths:3)
  the Enchantress (Depths:3)
  A bone dragon (Abyss:2)
  Rupert (Orc:2)
  3 tentacled monstrosities
  A titan (Depths:3)
  Asterion (Snake:1)
  2 deep elf blademasters (Elf:3)
  2 deep elf master archers (Elf:3)
  2 liches
  22 acid blobs
  2 sphinxes (Depths:3)
  A tentacled starspawn (Abyss:3)
  A storm dragon (Depths:3)
  A thorn hunter (Swamp:3)
  A shadow dragon (shapeshifter) (Depths:3)
  The ghost of Cosy the Earth Mage, an adept GrEE of Vehumet (D:15)
  21 azure jellies
  8 nagarajas
  Roxanne (Snake:1)
  Donald (Orc:1)
  11 fire giants
  4 frost giants
  A balrug (Abyss:3)
  3 tengu reavers
  An iron dragon (Depths:3)
  5 deep elf sorcerers
  A ghost moth (shapeshifter) (Depths:3)
  Aizul (Elf:2)
  2 ghost moths (Depths:3)
  8 deep elf elementalists
  3 spriggan defenders
  3 war gargoyles (Depths:3)
  An entropy weaver (shapeshifter) (Depths:3)
  The ghost of Efarer the Nimble, a journeyman OpWr of Okawaru (Lair:5)
  12 very ugly things
  4 deep elf demonologists
  6 stone giants
  A lorocyproca (Depths:3)
  13 deep elf annihilators
  3 spark wasps (Depths:1)
  Snorg (D:14)
  8 ettins
  An ettin (shapeshifter) (D:14)
  9 death oozes
  5 deep elf death magi
  A crystal guardian (Depths:3)
  Josephine (Snake:1)
  5 deep elf high priests (Elf:3)
  6 great orbs of eyes
  2 jiangshi (Depths:2)
  2 yaktaur captains
  3 ogre magi (Depths:2)
  6 rakshasas
  6 fire dragons
  6 ice dragons
  24 hydras
  2 ghost crabs
  10 spriggan air magi
  16 naga warriors
  5 anacondas
  10 alligators
  A juggernaut simulacrum (Depths:3)
  6 centaur warriors
  2 catoblepae (Lair:6)
  28 dancing weapons
  7 two-headed ogres
  Erica (D:9)
  6 deep troll earth magi
  2 deep troll shamans
  20 naga sharpshooters
  7 tengu warriors
  2 vampire magi (Depths:2)
  2 spriggan berserkers
  3 death yaks (Lair:6)
  2 thrashing horrors (Abyss:3)
  Urug (D:10)
  4 shock serpents
  2 orc high priests (Orc:2)
  23 deep elf knights
  Sonja (D:11)
  4 skeletal warriors (D:13)
  A golden dragon zombie (Depths:1)
  A hell knight (Depths:2)
  3 salamander mystics
  An unseen horror (D:14)
  A fire crab (Lair:4)
  4 spriggan druids
  12 swamp dragons
  A shambling mangrove (Swamp:2)
  2 glowing orange brains (Depths:1)
  2 lindwurms (Lair:6)
  5 necromancers
  2 orc knights
  7 naga ritualists
  2 wizards
  17 deep elf archers
  14 ugly things
  A wolf spider zombie (D:12)
  Pikel (D:7)
  A lindwurm (shapeshifter) (Depths:3)
  4 mana vipers
  61 deep elf magi
  8 shining eyes
  A cyclops (shapeshifter) (Depths:2)
  2 manticores (Lair:6)
  5 orc sorcerers (Orc:2)
  2 cyclopes
  A frost giant skeleton (Depths:1)
  3 centaur zombies
  20 elephants
  19 salamanders
  A moth of wrath (shapeshifter) (D:15)
  A worldbinder (Abyss:3)
  Psyche (D:11)
  2 guardian serpents
  An eye of devastation (Slime:4)
  27 naga magi
  33 black mambas
  A smoke demon (Abyss:2)
  2 gargoyles (D:12)
  An orange demon (Abyss:3)
  2 torpor snails
  20 spiny frogs
  5 kobold demonologists (D:14)
  2 efreet
  A freezing wraith (Abyss:2)
  4 rime drakes
  3 komodo dragons
  18 yaktaurs
  A tengu conjurer (D:14)
  A jumping spider (shapeshifter) (Depths:3)
  A red devil (Abyss:3)
  An ancient zyme (Abyss:3)
  2 queen bees (shapeshifter)
  3 meliai (D:13)
  10 tyrant leeches
  A troll (shapeshifter) (D:15)
  5 hornets
  4 trolls
  A meliai (shapeshifter) (Depths:3)
  2 wolf spider simulacra (D:15)
  2 polar bears (shapeshifter)
  2 dream sheep (Lair:6)
  11 polar bears
  3 raiju (Lair:6)
  9 blink frogs
  89 slime creatures
  11 hippogriffs
  5 bog bodies
  3 air elementals
  3 centaur simulacra (D:15)
  7 spriggans
  5 water elementals
  3 shadows
  A tarantella (shapeshifter) (D:15)
  A yak (shapeshifter) (D:15)
  26 yaks
  4 fire bats (Lair:2)
  A spriggan (shapeshifter) (Depths:2)
  4 wyverns
  9 fire elementals
  Grum (D:10)
  7 wraiths
  6 basilisks
  A human (D:8)
  A golden eye (Slime:5)
  4 hogs (D:8)
  2 hungry ghosts
  4 steam dragons
  21 vampire mosquitoes
  A large abomination (Abyss:3)
  A neqoxec (Abyss:3)
  A harpy simulacrum (D:15)
  4 insubstantial wisps (Swamp:3)
  6 wargs
  18 swamp worms
  Edmund (D:5)
  An acid dragon (D:15)
  45 nagas
  A soldier ant (D:12)
  11 water moccasins
  5 porcupines
  15 hell hounds
  19 swamp drakes
  39 orc warriors
  A meliai simulacrum (D:15)
  6 sky beasts
  3 slaves (D:7)
  A black bear (shapeshifter) (D:15)
  15 black bears
  6 phantoms
  7 boggarts
  8 eyes of draining
  6 ice beasts
  22 centaurs
  13 ogres
  3 necrophages
  37 wolves
  18 big kobolds
  13 crocodiles
  A big kobold (shapeshifter) (Depths:2)
  2 wyvern zombies
  2 earth elementals (Elf:2)
  A glowing shapeshifter simulacrum (Depths:1)
  24 bullfrogs
  2 gnoll sergeants
  2 scorpions
  2 hornet simulacra (D:15)
  3 killer bees (D:13)
  2 water moccasin skeletons
  5 small abominations
  7 wights
  7 electric eels
  A spectral centaur (D:12)
  3 howler monkeys
  11 crimson imps
  5 lava snakes
  2 jellies
  4 quasits
  8 hounds
  4 bullfrog skeletons
  3 bullfrog zombies
  23 orc priests
  A gnoll shaman (D:4)
  4 centaur skeletons
  2 iguanas (D:8)
  9 worker ants
  41 orc wizards
  A hound zombie (D:6)
  2 hound skeletons
  16 adders
  16 gnolls
  A howler monkey skeleton (D:4)
  A river rat (D:6)
  4 shadow imps
  15 oozes
  2 adder skeletons
  An adder zombie (D:9)
  A worm (shapeshifter) (D:13)
  6 worms
  3 dart slugs
  8 leopard geckos
  123 orcs
  12 bats
  11 giant cockroaches
  11 goblins
  6 hobgoblins
  2 jackals (D:3)
  6 quokkas
  12 ball pythons
  13 frilled lizards
  A jackal skeleton (D:8)
  A jackal zombie (D:6)
  74 kobolds
  13 rats
  A crawling corpse (Elf:3)
  A fire vortex (Lair:2)
  3 fungi
  6 plants
  A starspawn tentacle (Abyss:3)
1904 creatures vanquished.

Vanquished Creatures (collateral kills)
  A nagaraja (Snake:4)
  An anaconda simulacrum (Depths:3)
  A slime creature (Slime:1)
  2 nagas
  A hell hound (Lair:6)
  2 boggarts (Depths:2)
  A gnoll (shapeshifter) (Depths:3)
  A crawling corpse (Elf:3)
10 creatures vanquished.

Vanquished Creatures (others)
  A hippogriff (D:15)
  A slave (D:7)
  A jelly (Abyss:3)
  139 fire vortices
  10 fungi
  10 plants (Lair:6)
  A starspawn tentacle (Abyss:3)
163 creatures vanquished.

Grand Total: 2077 creatures vanquished

Notes
Turn   | Place    | Note
-------+----------+-------------------------------------------
     0 | D:1      | Amnesiac the Mummy Fire Elementalist began the quest for the Orb.
     0 | D:1      | Reached XP level 1. HP: 13/13 MP: 4/4
   127 | D:1      | Reached skill level 1 in Conjurations
   404 | D:3      | Reached XP level 2. HP: 19/19 MP: 3/6
   408 | D:3      | Learned a level 2 spell: Throw Flame
   756 | D:3      | Reached XP level 3. HP: 7/24 MP: 1/7
   761 | D:3      | Learned a level 3 spell: Conjure Flame
  1637 | D:4      | Reached XP level 4. HP: 11/30 MP: 0/8
  2047 | D:4      | Reached XP level 5. HP: 30/35 MP: 0/9
  2216 | D:4      | Got a jewelled dagger {venom}
  2217 | D:4      | Identified the +6 dagger "Reemiradd" {venom, +Rage} (You took it off a gnoll on level 4 of the Dungeon)
  2335 | D:4      | Learned a level 4 spell: Sticky Flame
  2344 | D:4      | Found a staircase to the Ecumenical Temple.
  2351 | Temple   | Entered the Ecumenical Temple
  3124 | D:4      | Found a hide-covered altar of Uskayaw.
  3160 | D:5      | Entered Level 5 of the Dungeon
  3257 | D:5      | Found Delaxtoh's Assorted Antiques.
  3281 | D:5      | Noticed Edmund
  3517 | D:2      | Found an opulent altar of Gozag.
  3914 | D:2      | Found a faded altar of an unknown god.
  3914 | D:2      | Found a sacrificial altar of Ru.
  3919 | D:2      | Found a bloodstained altar of Trog.
  3921 | D:2      | Found a faded altar of an unknown god.
  3922 | D:2      | Found a radiant altar of Vehumet.
  3937 | D:2      | Became a worshipper of Vehumet
  4228 | D:5      | Bought a golden ring for 140 gold pieces
  4363 | D:1      | Reached XP level 6. HP: 41/41 MP: 11/11
  5047 | D:3      | Reached * piety under Vehumet
  5047 | D:3      | Offered knowledge of Sting by Vehumet.
  5138 | D:3      | Found a bloodstained altar of Trog.
  5221 | D:3      | Found a white marble altar of Elyvilon.
  5633 | D:5      | Found an iron altar of Okawaru.
  5804 | D:5      | Killed Edmund
  5804 | D:5      | Reached XP level 7. HP: 46/46 MP: 13/13
  6219 | D:6      | Found a sacrificial altar of Ru.
  6324 | D:6      | Reached skill level 5 in Conjurations
  6341 | D:6      | Offered knowledge of Freeze by Vehumet.
  6387 | D:6      | Found Nixkuock's Antique Weapon Shoppe.
  6411 | D:6      | Reached ** piety under Vehumet
  6491 | D:6      | Reached skill level 5 in Spellcasting
  6496 | D:6      | Found a glowing drain.
  6509 | Sewer    | Entered a sewer
  6634 | Sewer    | Reached skill level 5 in Fire Magic
  6696 | Sewer    | Offered knowledge of Static Discharge by Vehumet.
  6735 | Sewer    | Learned a level 5 spell: Fireball
  6786 | Sewer    | Reached *** piety under Vehumet
  6879 | Sewer    | Reached XP level 8. HP: 52/52 MP: 13/15
  7025 | D:6      | Found Hekasyxa's Gadget Emporium.
  7091 | D:6      | Offered knowledge of Ignite Poison by Vehumet.
  7471 | D:6      | Reached XP level 9. HP: 29/57 MP: 0/18
  7475 | D:6      | Reached **** piety under Vehumet
  7678 | D:6      | Found a shadowy altar of Dithmenos.
  7750 | D:6      | Learned a level 4 spell: Iskenderun's Mystic Blast
  7767 | D:6      | Offered knowledge of Olgreb's Toxic Radiance by Vehumet.
  8463 | D:7      | Noticed Pikel
  8465 | D:7      | Killed Pikel
  8608 | D:7      | Reached XP level 10. HP: 9/63 MP: 3/21
  9234 | D:7      | Got a faintly glowing dagger
  9235 | D:7      | Identified the +5 dagger "Xoutusow" {pain, *Corrode Int+3 Stlth+} (You found it on level 7 of the Dungeon)
  9571 | D:7      | Found Dudit's Food Shoppe.
  9623 | D:8      | Found a staircase to the Lair.
  9657 | D:8      | Noticed a two-headed ogre
  9710 | D:8      | Reached ***** piety under Vehumet
  9711 | D:8      | Offered knowledge of Bolt of Magma by Vehumet.
  9909 | D:7      | Killed a two-headed ogre
 10597 | D:8      | Noticed a two-headed ogre
 10615 | D:8      | Killed a two-headed ogre
 10801 | D:8      | Got a distressingly furry robe
 10812 | D:8      | Identified the +1 robe of Sloth {*Slow rF+ rC+ rN+} (You found it on level 8 of the Dungeon)
 10842 | D:8      | Found a burning altar of Makhleb.
 10886 | D:8      | Reached XP level 11. HP: 57/68 MP: 9/24
 11101 | D:8      | Found a basalt altar of Yredelemnul.
 11101 | D:8      | Found a shimmering altar of Xom.
 11788 | D:9      | Found a glowing golden altar of the Shining One.
 11881 | D:9      | Noticed a two-headed ogre
 11885 | D:9      | Killed a two-headed ogre
 12231 | D:9      | Reached skill level 1 in Shields
 12243 | D:9      | Offered knowledge of Ozocubu's Refrigeration by Vehumet.
 12503 | D:10     | Entered Level 10 of the Dungeon
 12514 | D:10     | Noticed Grum
 12711 | D:10     | Noticed Erica
 12730 | D:9      | Killed Erica
 12730 | D:9      | Reached skill level 10 in Conjurations
 12870 | D:10     | Killed Grum
 13083 | D:10     | Reached skill level 10 in Fire Magic
 13256 | D:10     | Noticed Urug
 13261 | D:10     | Killed Urug
 13261 | D:10     | Reached skill level 10 in Spellcasting
 13608 | D:10     | Found Mutwon's Jewellery Shoppe.
 13611 | D:10     | Bought an uncursed ring of fire for 275 gold pieces
 13611 | D:10     | Bought an uncursed ring of fire for 275 gold pieces
 14122 | D:11     | Noticed Psyche
 14123 | D:11     | Noticed Sonja
 14124 | D:11     | Killed Psyche
 14125 | D:11     | Killed Sonja
 14169 | D:11     | Found a staircase to the Orcish Mines.
 14193 | D:11     | Noticed a green ugly thing
 14237 | D:10     | Killed a green ugly thing
 14853 | Orc:1    | Entered Level 1 of the Orcish Mines
 14863 | Orc:1    | Found a roughly hewn altar of Beogh.
 14996 | D:12     | Reached XP level 12. HP: 74/74 MP: 17/26
 15070 | D:12     | Found Yrupros's Antique Weapon Emporium.
 15426 | D:12     | Noticed a two-headed ogre
 15429 | D:12     | Killed a two-headed ogre
 15706 | D:12     | Found Medi's Food Emporium.
 15713 | D:12     | Found Luumul's Magic Scroll Emporium.
 15721 | D:12     | Bought a scroll of noise for 14 gold pieces
 15722 | D:12     | Identified a scroll of acquirement {!r}
 16057 | D:12     | Got a heavily runed ring mail
 16184 | Orc:2    | Entered Level 2 of the Orcish Mines
 16184 | Orc:2    | Noticed Donald
 16265 | Orc:1    | Identified the +1 ring mail of the Forgotten Shrikes {Str+7 Dex+2} (You found it on level 12 of the Dungeon)
 16340 | Lair:1   | Entered Level 1 of the Lair of Beasts
 16352 | Lair:1   | Offered knowledge of Venom Bolt by Vehumet.
 16448 | Lair:1   | Got a spiked scale mail
 16459 | Lair:1   | Identified the cursed +1 scale mail "Setomi" {+Inv +Fly Dex-3} (You found it on level 1 of the Lair of Beasts)
 18168 | Lair:2   | Found a staircase to the Swamp.
 18365 | Lair:2   | Gained mutation: You are in touch with the powers of death. [Mummy growth]
 18365 | Lair:2   | Reached XP level 13. HP: 79/79 MP: 28/28
 18369 | Lair:2   | Learned a level 2 spell: Passwall
 19532 | Lair:3   | Offered knowledge of Lightning Bolt by Vehumet.
 19960 | Lair:4   | Found a staircase to the Snake Pit.
 20128 | Lair:4   | Learned a level 7 spell: Orb of Destruction
 20131 | Lair:4   | Learned a level 2 spell: Blink
 20829 | Lair:5   | Found a viscous altar of Jiyva.
 20829 | Lair:5   | Found a staircase to the Slime Pits.
 21080 | Lair:5   | Found a runed door.
 21085 | Lair:5   | Noticed Efarer's ghost (journeyman OpWr)
 21669 | Lair:5   | Killed Efarer's ghost
 21678 | Lair:5   | Got a crude trident {pierce}
 21679 | Lair:5   | Identified the +6 trident "Ackeih" {pierce, rC- rN++ MR- Dex+7} (You took it off a spriggan rider on level 5 of the Lair of Beasts)
 21769 | Lair:6   | Entered Level 6 of the Lair of Beasts
 22056 | Lair:6   | Reached XP level 14. HP: 85/85 MP: 23/30
 22227 | Lair:6   | Offered knowledge of Bolt of Fire by Vehumet.
 22264 | Lair:6   | Learned a level 6 spell: Bolt of Fire
 23725 | Lair:6   | Got a steaming large shield
 24931 | Lair:6   | Reached skill level 1 in Fighting
 25065 | Lair:6   | Identified the -7 large shield of the Beggar {rPois rN++} (You found it on level 6 of the Lair of Beasts)
 25606 | D:13     | Found Laehione's Magic Scroll Shop.
 25845 | D:13     | Found a gate to the Vaults.
 26024 | D:13     | Found Nuopias's Magic Scroll Boutique.
 26033 | D:13     | Bought a scroll of fear for 42 gold pieces
 26586 | D:14     | Reached ****** piety under Vehumet
 26592 | D:14     | Reached XP level 15. HP: 91/97 MP: 3/32
 27042 | D:14     | Noticed Snorg
 27046 | D:14     | Killed Snorg
 27214 | D:14     | Offered knowledge of Poison Arrow by Vehumet.
 28454 | D:15     | Entered Level 15 of the Dungeon
 28454 | D:15     | Found a blossoming altar of Fedhas.
 28717 | D:15     | Got a smoking leather armour
 28721 | D:15     | Found Donuh's Distillery.
 29020 | D:15     | Noticed Cosy's ghost (adept GrEE)
 29366 | D:15     | Found a staircase to the Depths.
 29415 | D:15     | Found a runed gate.
 29415 | D:15     | Found a runed gate.
 29415 | D:15     | Found a runed gate.
 29998 | D:15     | Killed Cosy's ghost
 30173 | D:15     | Got the ring of the Salamander {Fire}
 30175 | D:15     | Identified the ring of the Salamander {Fire MP+9 Int+4} (You found it on level 15 of the Dungeon)
 30327 | Orc:1    | Killed Donald
 30362 | Orc:1    | Identified the cursed +0 leather armour "Etzetua" {Dex+4} (You found it on level 15 of the Dungeon)
 30387 | Orc:2    | Offered knowledge of Bolt of Cold by Vehumet.
 31702 | Orc:2    | Offered knowledge of Fire Storm by Vehumet.
 31702 | Orc:2    | Offered knowledge of Shatter by Vehumet.
 31702 | Orc:2    | Offered knowledge of Tornado by Vehumet.
 32149 | Orc:2    | Noticed Rupert
 32152 | Orc:2    | Killed Rupert
 32199 | Orc:2    | Found a staircase to the Elven Halls.
 32281 | Orc:2    | Found Ugeowkan's General Store.
 32281 | Orc:2    | Found Hoygreg's Distillery.
 32282 | Orc:2    | Found Ulism's Antique Armour Boutique.
 32285 | Orc:2    | Found Ofror's Antique Armour Shop.
 32606 | D:10     | Bought an uncursed ring of wizardry for 330 gold pieces
 32843 | Elf:1    | Entered Level 1 of the Elven Halls
 32895 | Elf:1    | Noticed a deep elf sorcerer
 32897 | Elf:1    | Killed a deep elf sorcerer
 33280 | Elf:1    | Reached XP level 16. HP: 106/106 MP: 34/34
 33649 | Elf:1    | Found Zegiett's Weapon Shop.
 33997 | Elf:1    | Reached skill level 15 in Conjurations
 34233 | Elf:2    | Reached skill level 15 in Fire Magic
 34527 | Elf:2    | Reached skill level 15 in Spellcasting
 34654 | Elf:2    | Found a runed gate.
 34655 | Elf:2    | Found a runed gate.
 34656 | Elf:2    | Found a runed gate.
 35021 | Elf:2    | Cast into level 2 of the Abyss (a deep elf demonologist)
 35052 | Abyss:2  | Learned a level 9 spell: Fire Storm
 35188 | Abyss:2  | Noticed a bone dragon
 35197 | Abyss:2  | Killed a bone dragon
 35359 | Abyss:3  | Found a corrupted altar of Lugonu.
 35703 | Abyss:3  | Got a transparent ring mail
 35706 | Abyss:3  | Got a scorched trident
 35746 | Abyss:3  | Noticed a tentacled starspawn
 35748 | Abyss:3  | Killed a tentacled starspawn
 35769 | Elf:2    | Escaped the Abyss
 35788 | Elf:2    | Reached XP level 17. HP: 86/111 MP: 8/36
 36085 | Elf:2    | Identified the Almanac of Summoning
 36338 | Elf:2    | Noticed Aizul
 36342 | Elf:2    | Killed Aizul
 36508 | Elf:2    | Identified the +4 ring mail of True Grit {rC+ SInv} (You found it on level 3 of the Abyss)
 36778 | Elf:2    | Identified the +3 trident "Fimav" {chaos, Dex+7} (You found it on level 3 of the Abyss)
 37070 | Elf:3    | Entered Level 3 of the Elven Halls
 37766 | Elf:3    | Noticed a deep elf blademaster
 37771 | Elf:3    | Killed a deep elf blademaster
 38215 | Elf:3    | Got a brightly glowing rapier {flame}
 38225 | Elf:3    | Noticed a deep elf blademaster
 38231 | Elf:3    | Killed a deep elf blademaster
 38364 | Elf:3    | Identified the +7 rapier of the Countless Lovers {flame, Int+4} (You took it off a deep elf mage on level 3 of the Elven Halls)
 38398 | Elf:3    | Noticed a deep elf master archer
 38718 | Elf:3    | Noticed a deep elf master archer
 38721 | Elf:3    | Killed a deep elf master archer
 38804 | Elf:3    | Got a jewelled battleaxe {chop}
 38833 | Elf:3    | Reached XP level 18. HP: 118/118 MP: 34/38
 39227 | Elf:3    | Got an ebony quarterstaff {vamp}
 39298 | Elf:3    | Got a twisted short sword {protect}
 39298 | Elf:3    | Got a bound steel amulet
 39345 | Elf:3    | Identified the +10 short sword of Hubris {protect, +Rage rPois rN+ Int+3} (You took it off a deep elf annihilator on level 3 of the Elven Halls)
 39348 | Elf:3    | Identified the amulet "Tapp" {RegenMP rPois rC+ Str-2 Stlth+} (You took it off a deep elf annihilator on level 3 of the Elven Halls)
 39854 | Elf:3    | Identified Roxanne's Compendium of Clay
 39862 | Elf:3    | Identified the Catalogue of Supportive Translocation
 39890 | Elf:3    | Identified the Tome of the Birds and Contamination
 39908 | Elf:3    | Learned a level 6 spell: Deflect Missiles
 39913 | Elf:3    | Learned a level 4 spell: Summon Lightning Spire
 40238 | Swamp:1  | Entered Level 1 of the Swamp
 41378 | Swamp:2  | Noticed a tentacled monstrosity
 41672 | Swamp:2  | Killed a tentacled monstrosity
 42165 | Swamp:3  | Noticed a tentacled monstrosity
 42174 | Swamp:3  | Killed a tentacled monstrosity
 42907 | Swamp:3  | Noticed Bai Suzhen
 42914 | Swamp:3  | Killed Bai Suzhen
 43574 | Swamp:4  | Entered Level 4 of the Swamp
 43900 | Swamp:4  | Reached XP level 19. HP: 117/123 MP: 25/40
 44275 | Swamp:4  | Got a decaying rune of Zot
 44775 | Snake:1  | Entered Level 1 of the Snake Pit
 44852 | Snake:1  | Found an opulent altar of Gozag.
 44936 | Snake:1  | Noticed Josephine
 44938 | Snake:1  | Killed Josephine
 45044 | Snake:1  | Noticed Roxanne
 45099 | Snake:1  | Killed Roxanne
 45194 | Snake:1  | Learned a level 5 spell: Irradiate
 45420 | Snake:1  | Noticed Asterion
 45441 | Snake:1  | Killed Asterion
 47883 | Snake:3  | Got a heavily runed chain mail
 47991 | Snake:3  | Identified the +6 chain mail of Dice, Bag, and Bottle {Str+5} (You found it on level 3 of the Snake Pit)
 48305 | Snake:4  | Entered Level 4 of the Snake Pit
 49536 | Snake:4  | Reached XP level 20. HP: 129/129 MP: 26/42
 50476 | Snake:4  | Got a serpentine rune of Zot
 50816 | Slime:1  | Entered Level 1 of the Pits of Slime
 52825 | Slime:4  | Noticed Dissolution
 52827 | Slime:4  | Killed Dissolution
 53005 | Slime:4  | Reached XP level 21. HP: 135/135 MP: 32/44
 53213 | Slime:5  | Entered Level 5 of the Pits of Slime
 53343 | Slime:5  | Found a viscous altar of Jiyva.
 53344 | Slime:5  | Noticed the Royal Jelly
 53376 | Slime:5  | Killed the Royal Jelly
 53850 | Slime:5  | Got a dazzling quarterstaff
 53897 | Slime:5  | Got a coiled turquoise ring
 53901 | Slime:5  | Got a twitching brass ring
 53927 | Slime:5  | Got a slimy rune of Zot
 53987 | Slime:5  | Identified the ring of the Lion {Wiz rN+ Int+9 Dex-2} (You found it on level 5 of the Pits of Slime)
 53991 | Slime:5  | Identified the ring "Qoiv" {*Tele Str+2} (You found it on level 5 of the Pits of Slime)
 54805 | Depths:1 | Entered Level 1 of the Depths
 54850 | Depths:1 | Found a gateway to Hell.
 55449 | Depths:1 | Found a one-way gate leading to the halls of Pandemonium.
 56074 | Depths:2 | Reached skill level 1 in Evocations
 56141 | Depths:2 | Reached XP level 22. HP: 143/143 MP: 15/46
 56208 | Depths:2 | Reached skill level 5 in Fighting
 56223 | Depths:2 | Reached skill level 5 in Dodging
 56518 | Depths:2 | Reached skill level 5 in Evocations
 56692 | Depths:2 | Found Zauwitoa's Jewellery Shoppe.
 56692 | Depths:2 | Found Inygehem's Gadget Shop.
 56693 | Depths:2 | Found Bijiop's Jewellery Shoppe.
 57052 | Depths:3 | Noticed a golden dragon
 57054 | Depths:3 | Killed a golden dragon
 57345 | Depths:3 | Noticed the Enchantress
 57346 | Depths:3 | Killed the Enchantress
 58244 | Depths:3 | Got faerie dragon scales
 58438 | Depths:3 | Identified the +1 faerie dragon scales {rPois rCorr Dex+7 Slay-3} (You took it off the Enchantress on level 3 of the Depths)
 58538 | Depths:3 | Mangled by a lorocyproca

Vault maps used:
D:1:      dpeg_arrival_ratfight, st_stairs_9
D:2:      chequers_temple_overflow_minitemple, grunt_gozag_statues
D:3:      overflow_temple_1_default, hex_tiny, trog_hazing_becter
D:4:      nicolae_overflow_hidden_temple, minmay_temple_entry_junction
D:5:      lemuel_coloured_pillars_altar, first_ration, serial_shops, shop,
          kennysheep_windowed_goal, uniq_edmund
D:6:      minmay_goblin_kobold_castle, grunt_dithmenos_smoke,
          lightli_sewer_entry_pipes, serial_shops, kennysheep_mini, shop_coins,
          minivault_4, nicolae_ru_the_path_less_chosen
D:7:      serial_shops, nicolae_shop_trees, uniq_pikel
D:8:      lightli_temple_of_fire, amethyst_overflow_temple_binary,
          minmay_lair_entry_lava, grunt_livestock
D:9:      tso_metal_star
D:10:     serial_shops, kennysheep_mini_moat, uniq_grum, uniq_erica, uniq_urug
D:11:     orc_0_dummy, uniq_psyche, uniq_sonja
D:12:     serial_shops, shop, nicolae_shop_temple_entry_statues_fountains,
          nicolae_shop_stone, hangedman_weighted_door
D:13:     david_vaults_1, serial_shops, nicolae_shop_crystal, shop
D:14:     minmay_goldmine, special_room, minivault_24, uniq_snorg
D:15:     gammafunk_enter_depths_forms, serial_shops, nicolae_shop_trees,
          fedhas_altar_2, gammafunk_ghost_icy, grunt_ministairs_15,
          lemuel_flame_loot_1
Temple:   pf_slime_end_temple
Lair:2:   minmay_swamp_entry_swarm, infiniplex_staircase_pool_2
Lair:3:   lemuel_fruit_tree
Lair:4:   minmay_snake_entry_guardpost_small, grunt_megastairs_1
Lair:5:   slime_altar_1, ebering_ghost_funeral_grove, beast_lair_carwin_8
Lair:6:   hangedman_lair_in_review, hangedman_lair_caniforms_friends
Swamp:1:  nicolae_swamp_round_clearing, swamp_pool4
Swamp:2:  evilmike_swamp_ruin_house_5, swamp_pool4
Swamp:3:  infiniplex_staircase_pool, swamp_pool5, st_swamp_ruins_1,
          uniq_bai_suzhen
Swamp:4:  swamp
Snake:1:  basic_altar, uniq_josephine, uniq_asterion, uniq_roxanne
Snake:4:  snake_pit
Slime:3:  nicolae_slime_welcoming_committee
Slime:4:  dissolution_awaits
Orc:1:    basic_altar, mines_bat_river
Orc:2:    st_orc_mages, uniq_rupert, uniq_donald
Elf:1:    serial_shops, shop, hangedman_corner_corridor
Elf:2:    minmay_elf_demonology, uniq_aizul
Elf:3:    minmay_elf_hall_four_x
Depths:1: hangedman_coc_ice_floe, pan_entry, onia_ninara_cookie
Depths:2: minmay_concentric_multi, minmay_misc_feat_x, pf_hell_entry_great_geh,
          minmay_shop_grove
Depths:3: hangedman_crystal_crosses_colossus, pan_entry, hell_entry,
          uniq_enchantress
Abyss:2:  hangedman_cross_veins
Sewer:    sewer_frog_island_02

Skill      XL: |  1  2  3  4  5  6  7  8  9 10 11 12 13 14 15 16 17 18 19 20 21 22 |
---------------+-------------------------------------------------------------------+-----
Conjurations   | 1 2 3 4 5 6 8 9 10 11 12 13 14 15 16 17 18 19 20 | 20.0
Spellcasting   | 3 4 5 6 7 9 10 11 12 13 14 15 16 17 18 19 20 | 20.0
Fire Magic     | 3 4 5 6 7 9 10 11 12 13 14 15 16 17 18 19 20 | 20.0
Shields        | 2 4 |  4.0
Dodging        | 2 4 8 |  8.0
Fighting       | 2 4 8 |  8.0
Stealth        | 4 |  4.0
Evocations     | 3 8 |  8.0

Action                   |  1- 3 |  4- 6 |  7- 9 | 10-12 | 13-15 | 16-18 | 19-21 | 22-24 || total
-------------------------+-------+-------+-------+-------+-------+-------+-------+-------++-------
Melee: Hand axe          |    41 |       |       |       |       |       |       |       ||    41
       Trident           |     5 |     2 |       |       |       |       |       |       ||     7
       Dagger            |       |   115 |   173 |   189 |       |       |       |       ||   477
       Spear             |       |     2 |       |       |       |       |       |       ||     2
       Staff             |       |       |       |    16 |    20 |     6 |       |     1 ||    43
 Cast: Flame Tongue      |    14 |       |    13 |     7 |    31 |     1 |       |       ||    66
       Throw Flame       |    36 |    69 |    80 |       |       |       |       |       ||   185
       Sticky Flame      |       |     2 |    13 |    47 |    16 |       |       |       ||    78
       Conjure Flame     |       |     1 |       |     1 |       |       |       |       ||     2
       Fireball          |       |       |    22 |   202 |   213 |    41 |       |       ||   478
       Iskenderun's Myst |       |       |    14 |    63 |     4 |       |       |       ||    81
       Orb of Destructio |       |       |       |       |    43 |    67 |    38 |     1 ||   149
       Bolt of Fire      |       |       |       |       |   297 |   340 |   369 |    21 ||  1027
       Passwall          |       |       |       |       |    19 |       |     1 |       ||    20
       Blink             |       |       |       |       |     1 |     8 |     2 |     1 ||    12
       Fire Storm        |       |       |       |       |       |     9 |    67 |    60 ||   136
       Deflect Missiles  |       |       |       |       |       |       |     3 |       ||     3
Evoke: Wand              |       |       |       |     5 |    11 |     3 |       |       ||    19
       Phial of floods   |       |       |       |       |     1 |       |       |     1 ||     2
       Lamp of fire      |       |       |       |       |       |     1 |       |       ||     1
       Staff of energy   |       |       |       |       |       |       |       |     2 ||     2
  Use: Scroll            |       |    10 |     1 |     4 |     9 |    15 |    13 |     8 ||    60
 Stab: Sleeping          |       |     7 |     1 |       |       |       |       |       ||     8
Armor: Robe              |     8 |    25 |       |       |       |     8 |     9 |     4 ||    54
       Ring mail         |       |    23 |    91 |    98 |       |       |       |       ||   212
       Troll leather arm |       |       |       |    18 |    23 |       |       |       ||    41
Dodge: Dodged            |    33 |    72 |   106 |   161 |    76 |    29 |    13 |     2 ||   492
       Deflected         |       |       |       |     1 |     9 |     7 |     5 |     1 ||    23
Block: Buckler           |       |       |       |    63 |    66 |    14 |    17 |     5 ||   165

Table legend:
 A = Spawn XP
 B = Non-spawn XP
 C = Spawn XP percentage of total XP
 D = Spawn monster count
 E = Non-spawn monster count
 F = Spawn count percentage of total count
 G = Total turns spent on level
                    A         B        C        D         E        F      G
               +---------+---------+-------+---------+---------+-------+---------
         Total |   12091 |  818551 |   1.5 |      17 |    1861 |   0.9 | 58538
               +---------+---------+-------+---------+---------+-------+---------
           D:1 |       0 |      34 |   0.0 |       0 |      19 |   0.0 |   791
           D:2 |       0 |      32 |   0.0 |       0 |      12 |   0.0 |   929
           D:3 |       0 |     146 |   0.0 |       0 |      50 |   0.0 |  1613
           D:4 |       0 |     205 |   0.0 |       0 |      11 |   0.0 |  1663
           D:5 |       0 |     382 |   0.0 |       0 |      14 |   0.0 |   845
           D:6 |       0 |    2532 |   0.0 |       0 |      88 |   0.0 |  1557
           D:7 |       0 |    4221 |   0.0 |       0 |      45 |   0.0 |  2162
           D:8 |       0 |    3890 |   0.0 |       0 |      51 |   0.0 |  1117
           D:9 |       0 |    3993 |   0.0 |       0 |      34 |   0.0 |  1536
          D:10 |       0 |    3059 |   0.0 |       0 |      26 |   0.0 |  1471
          D:11 |       0 |    2955 |   0.0 |       0 |      22 |   0.0 |  1094
          D:12 |       0 |    6728 |   0.0 |       0 |      42 |   0.0 |  1124
          D:13 |       0 |   10542 |   0.0 |       0 |      34 |   0.0 |  1222
          D:14 |       0 |   15316 |   0.0 |       0 |      89 |   0.0 |  1882
          D:15 |       0 |   15113 |   0.0 |       0 |      54 |   0.0 |  1680
        Temple |       0 |      28 |   0.0 |       0 |       2 |   0.0 |   286
        Lair:1 |       0 |    4191 |   0.0 |       0 |      22 |   0.0 |  1603
        Lair:2 |       0 |    5096 |   0.0 |       0 |      28 |   0.0 |   985
        Lair:3 |       0 |    9238 |   0.0 |       0 |      33 |   0.0 |  1120
        Lair:4 |       0 |    3871 |   0.0 |       0 |      17 |   0.0 |  1092
        Lair:5 |       0 |    8057 |   0.0 |       0 |      28 |   0.0 |  1074
        Lair:6 |       0 |   30554 |   0.0 |       0 |     105 |   0.0 |  3358
       Swamp:1 |       0 |    8456 |   0.0 |       0 |      26 |   0.0 |   915
       Swamp:2 |       0 |   16487 |   0.0 |       0 |      33 |   0.0 |  1105
       Swamp:3 |       0 |   30259 |   0.0 |       0 |      51 |   0.0 |  1291
       Swamp:4 |       0 |   24143 |   0.0 |       0 |      44 |   0.0 |  1071
       Snake:1 |       0 |   23857 |   0.0 |       0 |      40 |   0.0 |  1803
       Snake:2 |       0 |   18894 |   0.0 |       0 |      35 |   0.0 |   918
       Snake:3 |       0 |    5507 |   0.0 |       0 |       9 |   0.0 |  1082
       Snake:4 |       0 |   66958 |   0.0 |       0 |     111 |   0.0 |  2196
       Slime:1 |       0 |   21883 |   0.0 |       0 |      39 |   0.0 |   665
       Slime:2 |       0 |    5320 |   0.0 |       0 |       6 |   0.0 |   791
       Slime:3 |       0 |   18121 |   0.0 |       0 |      22 |   0.0 |   729
       Slime:4 |       0 |   33075 |   0.0 |       0 |      25 |   0.0 |   475
       Slime:5 |       0 |   45664 |   0.0 |       0 |      31 |   0.0 |  1087
         Orc:1 |       0 |    4527 |   0.0 |       0 |      37 |   0.0 |   861
         Orc:2 |       0 |   12735 |   0.0 |       0 |      83 |   0.0 |  1968
         Elf:1 |       0 |   18107 |   0.0 |       0 |      28 |   0.0 |  1707
         Elf:2 |       0 |   57983 |   0.0 |       0 |      85 |   0.0 |  1954
         Elf:3 |       0 |   72098 |   0.0 |       0 |      71 |   0.0 |  2817
      Depths:1 |       0 |   38392 |   0.0 |       0 |      49 |   0.0 |  1019
      Depths:2 |       0 |   74124 |   0.0 |       0 |      89 |   0.0 |  1919
      Depths:3 |       0 |   86554 |   0.0 |       0 |      62 |   0.0 |   795
       Abyss:2 |    4349 |       0 | 100.0 |       6 |       0 | 100.0 |   338
       Abyss:3 |    7742 |    4868 |  61.4 |      11 |       8 |  57.9 |   410
         Sewer |       0 |     356 |   0.0 |       0 |      51 |   0.0 |   418
               +---------+---------+-------+---------+---------+-------+---------
